Map: Abyssal Reef LE

Players

Vlign

  • Race: Terran Terran
  • League: Diamond
  • Spawn Location: 11:00

A.I. 1 (Elite) - Winner!

  • Race: Zerg Zerg
  • Spawn Location: 5:00

VOD

Have the link to the VOD?

Description

Time

  • Played on: July 18, 2018, 2:12 a.m.
  • Length: 4:50
Show
View Real Time Build Order
Export as new Build Order

Vlign Terran 

Build Orders: Cyclone Opening 

Get SALT Encoding   

  12  0:00  SCV  
  13  0:12  SCV  
  14  0:18  Supply Depot  
  14  0:24  SCV  
  15  0:31  Refinery  
  15  0:40  SCV  
  16  0:47  Barracks  
  16  0:52  SCV  
  17  1:04  SCV  
  18  1:16  SCV  
  20  1:34  Orbital Command  
  20  1:35  Reaper  
  20  1:47  Command Center  
  20  1:57  Factory  
  20  2:01  SCV  
  22  2:10  Supply Depot  
  22  2:11  Supply Depot  
  22  2:13  Marine  
  22  2:16  SCV  
  23  2:27  Refinery  
  23  2:33  SCV  
  24  2:39  Bunker  
  24  2:41  Cyclone  
  24  2:43  Marine  
  28  2:46  SCV  
  29  2:58  SCV  
  29  2:59  Orbital Command  
  29  3:03  Marine  
  31  3:09  Armory  
  31  3:15  SCV  
  31  3:16  Factory Reactor  
  31  3:17  Refinery  
  32  3:24  SCV  
  34  3:27  SCV  
  34  3:36  SCV  
  34  3:39  SCV  
  36  3:48  SCV  
  36  3:51  SCV  
  38  3:55  Supply Depot  
  38  3:57  Cyclone  
  38  3:58  Barracks Tech Lab, Cyclone  
  38  4:00  SCV  
  45  4:03  SCV  
  45  4:05  Ghost Academy  
  46  4:17  SCV x2  
  46  4:23  Supply Depot  
  48  4:25  Refinery  
Show
View Real Time Build Order
Export as new Build Order

A.I. 1 (Elite) Zerg - Winner!

Build Orders: Pool First 

Get SALT Encoding   

  12  0:00  Drone  
  13  0:12  Overlord  
  13  0:16  Drone  
  14  0:31  Drone x2  
  16  0:42  Spawning Pool  
  15  0:45  Drone  
  15  0:48  Drone  
  17  1:12  Hatchery  
  17  1:13  Drone  
  17  1:17  Extractor  
  16  1:18  Extractor  
  16  1:19  Drone  
  16  1:24  Drone  
  17  1:29  Drone  
  18  1:38  Drone  
  19  1:49  Overlord  
  19  1:56  Queen  
  21  2:02  Zergling x2  
  22  2:11  Drone  
  23  2:24  Queen  
  23  2:27  Drone  
  26  2:35  Drone  
  27  2:39  Drone  
  27  2:43  Drone  
  29  2:57  Roach Warren  
  28  2:59  Drone  
  28  3:02  Drone  
  28  3:05  Zergling x2  
  31  3:08  Zergling x2  
  32  3:14  Overlord  
  32  3:18  Drone  
  33  3:20  Drone  
  34  3:37  Roach  
  34  3:38  Roach  
  34  3:40  Roach x2  
  42  3:44  Lair  
  42  3:49  Overlord  
  42  3:54  Overlord  
  42  3:56  Zergling x2  
  42  3:59  Zergling x2  
  44  4:07  Zergling x2, Drone x2  
  44  4:08  Drone  
  48  4:11  Drone  
  48  4:13  Drone  
  48  4:16  Zergling x2  
  50  4:21  Overlord  
  50  4:25  Roach  
  50  4:28  Roach  
  58  4:44  Hydralisk Den  
Tags
 
Add a new tag
Caveats
  • Supply blocks, unpowered buildings, or Contaminate may cause inaccurate times.
  • Supply counts are checked every 10 seconds.